Map: Submarine LE

Players

seRRal - Winner!

  • Race: Zerg Zerg
  • Spawn Location: 5:00

Zoun

  • Race: Protoss Protoss
  • Spawn Location: 11:00

Event: StayAtHome Story Cup #3

VOD

Have the link to the VOD?

Description

Time

  • Played on: March 14, 2021, 10 a.m.
  • Length: 6:25

All games in this series

Show
View Real Time Build Order
Export as new Build Order

seRRal Zerg - Winner!

Build Orders: Pool First 

Get SALT Encoding   

  12  0:00  Drone  
  13  0:12  Overlord  
  13  0:18  Drone  
  14  0:30  Drone x2  
  16  0:40  Spawning Pool  
  15  0:44  Drone  
  16  1:06  Hatchery  
  16  1:09  Drone  
  16  1:12  Drone  
  17  1:26  Extractor  
  17  1:27  Zergling x4  
  17  1:31  Queen  
  20  1:38  Overlord  
  20  1:44  Drone  
  21  1:52  Drone  
  22  2:03  Drone  
  22  2:08  Queen  
  25  2:19  Queen  
  27  2:25  Drone  
  27  2:26  Drone  
  29  2:30  Metabolic Boost  
  29  2:35  Zergling x2  
  29  2:36  Zergling x2  
  31  2:38  Overlord  
  31  2:41  Drone  
  31  2:43  Drone  
  33  2:47  Drone  
  33  2:50  Drone x2  
  36  2:58  Drone  
  37  3:05  Overlord  
  37  3:06  Drone  
  37  3:12  Queen  
  38  3:14  Drone  
  38  3:15  Drone  
  42  3:21  Zergling x4  
  42  3:24  Zergling x2  
  42  3:25  Zergling x2  
  46  3:38  Drone x3  
  46  3:39  Hatchery  
  48  3:44  Overlord  
  48  3:46  Drone  
  48  3:47  Drone  
  50  3:52  Drone x2  
  52  4:05  Roach Warren, Zergling x2  
  52  4:08  Queen  
  54  4:11  Zergling x4  
  55  4:18  Zergling x8  
  55  4:21  Zergling x6  
  58  4:27  Overlord  
  58  4:28  Drone x2  
  58  4:30  Extractor  
  58  4:31  Overlord  
  59  4:34  Drone  
  59  4:35  Overlord  
  60  4:43  Spore Crawler, Overlord  
  59  4:48  Roach  
  58  4:55  Roach  
  58  4:56  Roach x4  
  67  5:00  Roach  
  69  5:08  Drone x2  
  69  5:10  Lair  
  71  5:15  Drone x3  
  71  5:20  Overlord  
  74  5:24  Drone x4  
  74  5:26  Drone  
  79  5:30  Overlord  
  79  5:33  Drone x3  
  82  5:36  Overlord  
  82  5:42  Extractor x2, Spore Crawler  
  79  5:47  Ravager x3  
  82  5:51  Zergling x12  
  82  5:54  Zergling x4  
  82  5:55  Zergling x2  
  82  5:56  Ravager  
  92  6:07  Zergling x12  
Show
View Real Time Build Order
Export as new Build Order

Zoun Protoss 

Build Orders:  

Get SALT Encoding   

  12  0:00  Probe  
  13  0:12  Probe  
  14  0:18  Pylon  
  14  0:24  Probe (Chrono Boost)  
  15  0:37  Probe (Chrono Boost)  
  15  0:39  Gateway  
  16  0:45  Probe (Chrono Boost)  
  17  0:51  Probe  
  17  0:52  Assimilator  
  18  1:03  Probe  
  19  1:11  Gateway  
  19  1:15  Probe  
  20  1:24  Pylon  
  20  1:27  Probe  
  20  1:30  Cybernetics Core  
  21  1:36  Zealot  
  23  1:42  Probe  
  25  2:01  Probe  
  25  2:04  Adept x2 (Chrono Boost)  
  25  2:08  Warp Gate  
  29  2:12  Pylon  
  29  2:36  Nexus  
  29  2:38  Probe  
  29  2:41  Adept  
  32  2:49  Assimilator  
  32  2:50  Probe  
  33  3:00  Pylon  
  33  3:02  Probe  
  34  3:14  Probe  
  37  3:20  Sentry  
  37  3:23  Stalker  
  37  3:26  Probe (Chrono Boost)  
  40  3:38  Probe (Chrono Boost)  
  42  3:48  Probe (Chrono Boost)  
  42  3:50  Probe (Chrono Boost)  
  44  3:58  Probe x2 (Chrono Boost)  
  45  4:05  Probe, Nexus  
  45  4:06  Probe  
  45  4:07  Pylon  
  47  4:17  Probe  
  47  4:18  Probe  
  47  4:20  Adept x2  
  49  4:30  Probe (Chrono Boost)  
  51  4:31  Probe (Chrono Boost)  
  51  4:32  Assimilator  
  51  4:33  Shield Battery  
  51  4:36  Assimilator  
  51  4:42  Probe (Chrono Boost), Sentry x2  
  57  4:46  Probe (Chrono Boost)  
  57  4:47  Gateway  
  57  4:49  Probe (Chrono Boost)  
  54  4:53  Probe  
  54  4:58  Phoenix  
  49  5:00  Probe  
  49  5:02  Twilight Council, Forge  
  49  5:05  Probe, Sentry x2  
  55  5:13  Gateway  
  55  5:14  Probe  
  56  5:17  Probe, Gateway  
  56  5:20  Pylon  
  57  5:26  Probe  
  58  5:29  Probe  
  58  5:30  Adept  
  58  5:35  Pylon  
  61  5:41  Shield Battery  
  61  5:42  Adept x2  
  65  5:47  Probe  
  67  5:57  Probe  
  67  6:00  Probe  
  67  6:01  Sentry  
  70  6:07  Nexus  
  70  6:08  Pylon  
  70  6:09  Probe (Chrono Boost)  
  71  6:12  Probe (Chrono Boost), Robotics Facility  
  72  6:20  Stalker x2  
Tags
 
Add a new tag
Caveats
  • Supply blocks, unpowered buildings, or Contaminate may cause inaccurate times.
  • Supply counts are checked every 10 seconds.